 Dungeon Crawl Stone Soup version 0.28.0 (webtiles) character file.

Game seed: 3713925962319561057

622 pkoi the Destroyer (level 7, -4/50 HPs)
             Began as a Purple Draconian Conjurer on Feb 7, 2022.
             Was an Initiate of Vehumet.
             Slain by a wyvern (9 damage)
             ... on level 4 of the Dungeon.
             The game lasted 00:08:44 (6678 turns).

pkoi the Destroyer (Purple Draconian Conjurer)      Turns: 6678, Time: 00:08:45

Health: -4/50      AC: 11    Str: 10    XL:     7   Next: 22%
Magic:  0/12       EV: 12    Int: 20    God:    Vehumet [......]
Gold:   137        SH:  0    Dex:  9    Spells: 2/13 levels left

rFire   + . .      SeeInvis .   k - +1 mace (venom)
rCold   . . .      Faith    .   (no shield)
rNeg    . . .      Spirit   +   (armour unavailable)
rPois   .          Reflect  .   (helmet restricted)
rElec   .          Harm     .   d - +0 cloak
rCorr   .          Rampage  .   f - +0 pair of gloves
Will    +....                   p - +2 pair of boots
Stlth   ++........              i - amulet of guardian spirit
HPRegen 0.16/turn               j - ring of protection from fire
MPRegen 0.13/turn               (no ring)

@: no status effects
A: breathe power, AC +6, unfitting armour, cold-blooded
a: Breathe Dispelling Energy, Renounce Religion


You were on level 4 of the Dungeon.
You worshipped Vehumet.
Vehumet was noncommittal.
You visited 2 branches of the dungeon, and saw 6 of its levels.

You collected 137 gold pieces.

Inventory:

Hand Weapons
 a - a +0 hand axe
 k - a +1 mace of venom (weapon)
Missiles
 l - 4 boomerangs
Armour
 d - a +0 cloak (worn)
 f - a +0 pair of gloves (worn)
 p - a +2 pair of boots (worn)
Jewellery
 i - an amulet of guardian spirit (around neck)
 j - a ring of protection from fire (left hand)
Wands
 b - a wand of flame (21)
Scrolls
 h - 4 scrolls of identify
 o - a scroll of magic mapping
Potions
 c - 2 potions of brilliance
 e - 2 potions of curing
 g - a potion of heal wounds
 n - a potion of invisibility


   Skills:
 + Level 2.0 Dodging
 - Level 1.7 Stealth
 + Level 3.8 Spellcasting
 + Level 8.2 Conjurations
 + Level 0.7 Translocations
 + Level 0.8 Air Magic


You had 2 spell levels left.
You knew the following spells:

 Your Spells              Type           Power      Damage    Failure   Level
a - Magic Dart            Conj           100%       1d8       1%          1
b - Searing Ray           Conj           72%        2d7       1%          2
c - Apportation           Tloc           12%        N/A       10%         1
d - Iskenderun's Mystic   Conj/Tloc      21%        2d6       21%         4
e - Swiftness             Air            7%         N/A       28%         3

Your spell library contained the following spells:

 Spells                   Type           Power      Damage    Failure   Level
 Shock                    Conj/Air       84%        1d8       1%          1
 Animate Skeleton         Necr           6%         N/A       13%         1
 Summon Small Mammal      Summ           12%        N/A       13%         1
 Dazzling Flash           Conj/Hex       40%        N/A       8%          3
 Fulminant Prism          Conj/Hex       10%        3d9       24%         4
 Airstrike                Air            3%         N/A       67%         4
 Passage of Golubria      Tloc           6%         N/A       67%         4
 Silence                  Hex/Air        2%         N/A       97%         5
 Lehudib's Crystal Spear  Conj/Erth      10%        10d4      100%        8


Dungeon Overview and Level Annotations

Branches:
Dungeon (5/15)             Temple (1/1) D:4

Altars:
Ashenzari
Cheibriados
Gozag
Hepliaklqana
Okawaru
Qazlal
Vehumet
Wu Jian
Yredelemnul
Zin
The Shining One
Beogh

Shops:
D:2 :

Annotations:
D:4 3 runed translucent doors, browni3141's ghost, weakling HODe


Innate Abilities, Weirdness & Mutations

You can breathe bolts of dispelling energy.
Your rich purple scales are hard. (AC +6)
You cannot fit into any form of body armour.
You are cold-blooded and may be slowed by cold attacks.


Message History

* * * LOW HITPOINT WARNING * * *
There is a stone staircase leading up, spattered with blood here.
The wyvern bites you!
* * * LOW HITPOINT WARNING * * *
You climb upwards.
Level annotation: 3 runed translucent doors, browni3141's ghost, weakling HODe
There is a stone staircase leading down here.
Unknown command.
The orc hits you but does no damage.
The wyvern bites you but does no damage.
The wyvern barely misses you. The wyvern barely misses you.
The wyvern bites you!
* * * LOW HITPOINT WARNING * * *
Things that are here:
a +0 robe; a +0 dagger
Things that are here:
a +0 leather armour; a +0 short sword The wyvern misses you.
Things that are here:
a +0 scale mail; a +0 club
Casting: Magic Dart (safe; 1% risk of failure)
Confirm with . or Enter, or press ? or * to list all spells.
Aiming: Searing Ray (safe; 1% risk of failure)
Press: ? - help, Shift-Dir - straight line, f - wyvern
Aim: a wyvern (81% to hit)
The searing ray hits the wyvern but does no damage.
The searing ray misses the orc. (Press . to maintain the ray.)
The wyvern bites you!
* * * LOW HITPOINT WARNING * * *
The searing ray hits the wyvern.
The wyvern is lightly wounded.
The searing ray hits the orc!
You kill the orc!
Vehumet accepts your kill. The wyvern bites you.
* * * LOW HITPOINT WARNING * * *
The wyvern bites you!
You die...

##...####.....#
#.....##
###<####.....#
#.....#
####.#..)...###
#.....# #.......###.#
#.....# #.##.#..###.#
#.....# #.##..[..##.#
#.##### #<####...##.#
#.#
#.####..>...#######.#
#........##..)l@....#
########>##.#########
#....# ######


You could see a wyvern.

Vanquished Creatures
  Eustachio (D:4)
  An ogre (D:4)
  A phantom (D:4)
  A hound (D:4)
  An orc priest (D:3)
  Crazy Yiuf (D:4)
  A jelly (D:4)
  A scorpion zombie (D:5)
  An orc wizard (D:4)
  5 adders
  An adder skeleton (D:2)
  A worm (D:3)
  3 dart slugs
  11 orcs
  6 endoplasms
  4 giant cockroaches
  8 goblins
  8 hobgoblins
  A jackal (D:4)
  8 kobolds
  8 quokkas
  5 ball pythons
  8 bats
  4 frilled lizards
  3 rats
93 creatures vanquished.

Notes
Turn   | Place    | Note
-------+----------+-------------------------------------------
     0 | D:1      | pkoi the Draconian Conjurer began the quest for the Orb.
     0 | D:1      | Reached XP level 1. HP: 14/14 MP: 3/3
   232 | D:1      | Reached XP level 2. HP: 20/20 MP: 1/5
  1036 | D:2      | Reached XP level 3. HP: 19/26 MP: 4/7
  1125 | D:2      | Found a faded altar of an unknown god.
  1814 | D:2      | Found Tilireug's Book Shop.
  2225 | D:1      | Learned a level 2 spell: Searing Ray
  3103 | D:2      | Reached skill level 5 in Conjurations
  3306 | D:3      | Reached XP level 4. HP: 27/33 MP: 1/8
  4350 | D:3      | Reached XP level 5. HP: 38/38 MP: 7/9
  4569 | D:4      | Reached skill level 6 in Conjurations
  4627 | D:4      | Found a radiant altar of Vehumet.
  4660 | D:4      | Became a worshipper of Vehumet
  4769 | D:4      | Found a runed translucent door.
  4770 | D:4      | Noticed Crazy Yiuf
  4888 | D:4      | Noticed Eustachio
  4888 | D:4      | Noticed a phantom
  4889 | D:4      | Noticed an ogre
  4920 | D:4      | Killed a phantom
  4921 | D:4      | Reached XP level 6. HP: 45/45 MP: 2/10
  4931 | D:4      | Reached skill level 7 in Conjurations
  4958 | D:4      | Killed Eustachio
  4959 | D:4      | Reached skill level 8 in Conjurations
  5325 | D:4      | Your scales start taking on a rich purple colour.
  5325 | D:4      | Reached XP level 7. HP: 50/50 MP: 4/12
  5512 | D:4      | Learned a level 1 spell: Apportation
  5517 | D:4      | Learned a level 4 spell: Iskenderun's Mystic Blast
  5521 | D:4      | Learned a level 3 spell: Swiftness
  5656 | D:4      | Found a runed translucent gate.
  5657 | D:4      | Found a runed translucent gate.
  5658 | D:4      | Found a runed translucent gate.
  5659 | D:4      | Noticed browni3141's ghost (weakling HODe)
  5662 | D:4      | Identified the +10 hunting sling of Gozag's Hope {flame,
                  | Fragile rPois Int+3}
  5662 | D:4      | Identified the +0 scale mail "Nyganufa" {Regen+ Int+4}
  5922 | D:4      | Found a staircase to the Ecumenical Temple.
  6175 | Temple   | Entered the Ecumenical Temple
  6341 | D:4      | Killed Crazy Yiuf
  6381 | D:5      | Entered Level 5 of the Dungeon
  6650 | D:5      | Noticed a wyvern
  6678 | D:4      | Slain by a wyvern

Illustrated notes

Levels and vault maps discovered:
D:1:      psy_arrival_conway, layout_rooms, minmay_misc_feat_rugged,
          wad_floor_pattern_1
D:2:      layout_loops_cross, serial_shops, nicolae_shop_waterfront,
          shapermc_ecumenical_altar_mp_vishouse
D:3:      layout_loops_ring, kennysheep_flooded_box, minivault_26
D:4:      nicolae_cairo_tiling_very_big, layout_loops_cross,
          mainiacjoe_overflow_cross_hatched, lemuel_temple_firewalk_a,
          biasface_ghost_orc_armoury, minmay_checkerbox,
          uniq_crazy_yiuf_cottage, uniq_eustachio
D:5:      layout_gridville
Temple:   compressed_dpeg_circular_temple

Skill      XL: |  1  2  3  4  5  6  7 |
---------------+----------------------+-----
Spellcasting   | 3 |  3.8
Conjurations   | 5 6 8 |  8.2
Dodging        | 2 |  2.0
Stealth        | |  1.7
Translocations | |  0.7
Air Magic      | |  0.8

Action                   |  1- 3 |  4- 6 |  7- 9 || total
-------------------------+-------+-------+-------++-------
Melee: Hand axe          |    35 |     1 |       ||    36
       Tailslap          |     2 |       |     1 ||     3
       Punch             |     1 |       |       ||     1
       Mace              |       |    21 |     7 ||    28
 Cast: Magic Dart        |    84 |    61 |    26 ||   171
       Searing Ray       |     4 |     3 |     5 ||    12
  Use: Scroll            |     4 |     5 |     2 ||    11
       Potion            |       |     4 |       ||     4
 Stab: Sleeping          |     1 |       |       ||     1
Armor: Skin              |    15 |    31 |     7 ||    53
Dodge: Dodged            |    34 |    29 |    12 ||    75
